 Dungeon Crawl Stone Soup version 0.22-a0-284-g99d1f74 (webtiles) character file.

9431 vishdafish the Fighter (level 11, 0/198 HPs)
             Began as an Ogre Arcane Marksman on Mar 20, 2018.
             Was a Priest of Yredelemnul.
             Slain by a minotaur
             ... wielding a +0 hand axe
              (10 damage)
             ... in a labyrinth.
             The game lasted 00:34:20 (15571 turns).

vishdafish the Fighter (Ogre Arcane Marksman)      Turns: 15571, Time: 00:34:21

Health: 0/198      AC:  7    Str: 21 (23) XL:     11   Next: 46%
Magic:  17/17      EV:  9    Int: 14 (17) God:    Yredelemnul [***...]
Gold:   500        SH:  0    Dex:  6 (9)  Spells: 9/18 levels left

rFire    + . .     SeeInvis .   n - +0 trident
rCold    + + .     Gourm    .   (no shield)
rNeg     + . .     Faith    .   e - +0 troll leather armour
rPois    +         Spirit   .   (helmet restricted)
rElec    +         Reflect  .   x - +1 cloak
rCorr    +         Harm     .   (gloves unavailable)
MR       +....                  (boots unavailable)
Stlth    ..........             J - amulet of the acrobat
HPRegen  0.83/turn              i - ring of protection from cold
MPRegen  0.15/turn              d - ring of positive energy

@: berserking (expiring), resistant, very quick
A: large, unfitting armour, mutation resistance 1, robust 1, strong 1, tough
skin 1
a: Recall Undead Slaves, Injury Mirror, Animate Dead, Renounce Religion


You were in a labyrinth.
You worshipped Yredelemnul.
Yredelemnul was most pleased with you.
You were not hungry.

You visited 3 branches of the dungeon, and saw 12 of its levels.
You also visited: Labyrinth.

You collected 500 gold pieces.

Inventory:

Hand Weapons
 n - a +0 trident (weapon)
 y - the +3 hunting sling of Nait {flame, rElec}
   (You found it on level 4 of the Dungeon)

   It causes projectiles fired from it to burn those they strike, causing extra
   injury to most foes and up to half again as much damage against particularly
   susceptible opponents.
   It insulates you from electricity.
Missiles
 c - a javelin (quivered)
 M - 23 sling bullets
 R - 2 tomahawks
Armour
 a - a +0 robe
 e - a +0 troll leather armour (worn)
 h - a +0 large shield
 m - a +1 animal skin
 u - a +2 robe of positive energy
 x - a +1 cloak (worn)
Jewellery
 d - a ring of positive energy (right hand)
 g - an uncursed amulet of the gourmand
 i - a ring of protection from cold (left hand)
 k - an uncursed ring of magical power
 J - an amulet of the acrobat (around neck)
 T - an uncursed ring of protection from cold
Wands
 t - a wand of polymorph (38)
 P - a wand of paralysis (13)
 S - a wand of iceblast (13)
 W - a wand of random effects (24)
Scrolls
 l - a scroll of teleportation
 q - 5 scrolls of remove curse
 s - a scroll of blinking
 v - a scroll of amnesia
 B - a scroll of immolation
 C - a scroll of fog {unknown}
 H - a scroll of random uselessness {unknown}
 I - 3 scrolls of enchant armour
 K - a scroll of vulnerability {unknown}
 L - a scroll of magic mapping
 O - a scroll of fear {unknown}
Potions
 b - 4 potions of brilliance
 o - 2 potions of degeneration
 z - a potion of mutation
 A - a potion of lignification
 D - 2 potions of curing
 E - a potion of agility {unknown}
 G - a potion of haste {unknown}
 N - 2 potions of might {unknown}
 Q - a potion of ambrosia {unknown}
Comestibles
 f - 11 rations


   Skills:
 - Level 11.0 Fighting
 * Level 5.9 Polearms
 + Level 6.4 Throwing
 * Level 2.1 Armour
 + Level 2.8 Dodging
 + Level 4.6 Shields
 - Level 4.2 Spellcasting
 - Level 6.0 Hexes
 - Level 6.3 Translocations
 - Level 5.2 Invocations


You had 9 spell levels left.
You knew the following spells:

 Your Spells              Type           Power        Failure   Level  Hunger
a - Corona                Hex            ###....      1%          1    None
b - Slow                  Hex            ###.....     2%          2    ##.....
c - Confuse               Hex            ###.....     5%          3    ###....
d - Portal Projectile     Hex/Tloc       ###...       4%          3    ###....


Dungeon Overview and Level Annotations

Branches:
Dungeon (10/15)            Temple (1/1) D:6            Lair (1/6) D:9
    Orc (0/2) D:10

Altars:
Dithmenos
Gozag
Nemelex Xobeh
Okawaru
Ru
Sif Muna
Trog
Uskayaw
Vehumet
Xom
Yredelemnul
The Shining One

Shops:
D:7 (


Innate Abilities, Weirdness & Mutations

You are too large for most types of armour.
You have tough skin. (AC +1)
You are somewhat resistant to further mutation.
You are robust. (+10% HP)
Your muscles are strong. (Str +2)


Message History

The minotaur gores you.
* * * LOW HITPOINT WARNING * * *
You hit the minotaur but do no damage.
The minotaur is heavily wounded.
You cannot move.
You hit the minotaur.
The minotaur is heavily wounded.
The minotaur hits you but does no damage.
The minotaur gores you!
* * * LOW HITPOINT WARNING * * *
You hit the minotaur but do no damage.
The minotaur is heavily wounded.
You barely miss the minotaur.
The minotaur is heavily wounded.
You feel less wooden.
Your +1 cloak unmelds from your body.
Your +0 troll leather armour unmelds from your body.
The minotaur hits you with a hand axe!
You die...
Your body rises from the dead as a mindless zombie.

#. # ### . .. #.
###.### #..
#.#.... # ##
..##.### #.# # #
... .. .... ..
.# #
######.######.#
# .
.#<..(H@..(((...
#
#.######..###.##
. # ... ...... #
. # ####### . .#
. . . . # ###.#
# # ## .. .. .#
## . ## . .


You could see a minotaur.

Vanquished Creatures
  Erolcha (D:10)
  A two-headed ogre (D:10)
  An orc sorcerer (D:10)
  Joseph (D:7)
  A troll (D:10)
  A polar bear (D:9)
  Grinder (D:3)
  The ghost of vishdafish the Shield-Bearer, an amateur GrFi (D:3)
  2 hippogriffs
  2 hornets (D:8)
  A wyvern (D:10)
  A yak (D:10)
  5 hungry ghosts
  A soldier ant (D:8)
  2 water moccasins (Lair:1)
  2 ice beasts (D:10)
  A phantom (D:10)
  2 sky beasts
  3 ogres
  A wolf (D:9)
  2 centaurs
  3 big kobolds
  7 bullfrogs
  A wyvern skeleton (D:10)
  4 scorpions
  A troll zombie (D:10)
  3 wights (D:6)
  2 electric eels (D:10)
  4 howler monkeys
  3 crimson imps
  6 jellies
  2 bullfrog zombies (D:6)
  2 orc priests (D:7)
  8 hounds
  Crazy Yiuf (D:3)
  4 bullfrog skeletons
  2 centaur skeletons
  2 iguanas
  Ijyb (D:3)
  4 worker ants
  7 orc wizards
  5 ogre zombies (D:10)
  A hound skeleton (D:7)
  A hound zombie (D:9)
  A worker ant zombie (D:8)
  Robin (D:2)
  12 adders
  A shadow imp (D:8)
  A white imp (D:10)
  2 worms
  6 dart slugs
  2 leopard geckos
  14 orcs
  7 bats
  14 giant cockroaches
  15 hobgoblins
  13 jackals
  2 quokkas (D:4)
  2 frilled lizards
  17 goblins
  2 goblin skeletons (D:10)
  2 goblin zombies (D:10)
  A hobgoblin skeleton (D:10)
  17 kobolds
  A leopard gecko skeleton (D:5)
  An orc skeleton (D:10)
  12 orc zombies (D:10)
  6 rats
259 creatures vanquished.

Vanquished Creatures (collateral kills)
  Urug (D:10)
1 creature vanquished.

Vanquished Creatures (others)
  An orc zombie (D:10)
  A kobold (D:10)
  A fungus (Lair:1)
3 creatures vanquished.

Grand Total: 263 creatures vanquished

Notes
Turn   | Place    | Note
-------+----------+-------------------------------------------
     0 | D:1      | vishdafish the Ogre Arcane Marksman began the quest for the Orb.
     0 | D:1      | Reached XP level 1. HP: 19/19 MP: 2/2
    98 | D:1      | Reached XP level 2. HP: 27/27 MP: 3/3
   435 | D:1      | Reached XP level 3. HP: 26/35 MP: 5/5
   784 | D:1      | Reached skill level 2 in Fighting
  1189 | D:2      | Noticed Robin
  1456 | D:2      | Killed Robin
  1456 | D:2      | Reached XP level 4. HP: 42/42 MP: 6/6
  1727 | D:2      | Reached skill level 1 in Polearms
  2069 | D:2      | Reached XP level 5. HP: 17/49 MP: 8/8
  2314 | D:2      | Learned a level 2 spell: Slow
  2318 | D:2      | Learned a level 3 spell: Confuse
  2601 | D:3      | Noticed Grinder
  2601 | D:3      | Paralysed by Grinder for 5 turns
  2820 | D:3      | Noticed vishdafish's ghost (amateur GrFi)
  2822 | D:3      | Found an opulent altar of Gozag.
  3227 | D:3      | Noticed Ijyb
  3237 | D:3      | Killed Ijyb
  3337 | D:3      | Found a runed door.
  3578 | D:3      | Found a sacrificial altar of Ru.
  3839 | D:3      | Paralysed by Grinder for 4 turns
  3848 | D:3      | Killed Grinder
  3848 | D:3      | Reached XP level 6. HP: 57/57 MP: 11/11
  4065 | D:3      | Killed vishdafish's ghost
  4065 | D:3      | Reached XP level 7. HP: 65/65 MP: 12/12
  4710 | D:3      | Noticed Crazy Yiuf
  4721 | D:3      | Killed Crazy Yiuf
  5185 | D:4      | Got a dazzling hunting sling
  5186 | D:4      | Identified the +3 hunting sling of Nait {flame, rElec} (You found it on level 4 of the Dungeon)
  5972 | D:4      | Reached skill level 5 in Polearms
  6037 | D:4      | Reached skill level 5 in Throwing
  6543 | D:5      | Entered Level 5 of the Dungeon
  6560 | D:4      | Reached skill level 1 in Shields
  6560 | D:4      | Reached XP level 8. HP: 20/72 MP: 14/14
  7180 | D:5      | Found a sparkling altar of Nemelex Xobeh.
  7181 | D:5      | Found an opulent altar of Gozag.
  8200 | D:6      | Reached skill level 3 in Fighting
  8410 | D:6      | Found a staircase to the Ecumenical Temple.
  8421 | Temple   | Entered the Ecumenical Temple
  8433 | Temple   | Became a worshipper of Yredelemnul the Dark
  8446 | D:6      | Reached skill level 4 in Fighting
  8879 | D:6      | Reached XP level 9. HP: 85/85 MP: 15/15
  8880 | D:6      | Reached skill level 5 in Fighting
  9145 | D:7      | Reached skill level 6 in Fighting
  9622 | D:7      | Reached skill level 7 in Fighting
  9643 | D:7      | Noticed Joseph
  9651 | D:7      | Killed Joseph
  9687 | D:7      | Reached skill level 8 in Fighting
  9761 | D:7      | Found Gaopt's Antique Weapon Boutique.
  9916 | D:7      | Reached skill level 5 in Hexes
 10235 | D:8      | Reached skill level 9 in Fighting
 10533 | D:8      | Found a radiant altar of Vehumet.
 10868 | D:8      | Found a hide-covered altar of Uskayaw.
 10872 | D:8      | Found a shadowy altar of Dithmenos.
 10905 | D:8      | Noticed a hornet
 10907 | D:8      | Killed a hornet
 10907 | D:8      | Reached skill level 10 in Fighting
 10907 | D:8      | Reached XP level 10. HP: 110/110 MP: 16/16
 10911 | D:8      | Reached * piety under Yredelemnul
 11280 | D:9      | Found a deep blue altar of Sif Muna.
 11408 | D:9      | Found a staircase to the Lair.
 11422 | D:9      | Reached skill level 1 in Invocations
 11584 | D:9      | Found an iron altar of Okawaru.
 11584 | D:9      | Found a shimmering altar of Xom.
 11977 | D:10     | Entered Level 10 of the Dungeon
 11995 | D:9      | Reached skill level 11 in Fighting
 12124 | D:9      | Paralysed by fainting for 6 turns
 12536 | D:10     | Learned a level 3 spell: Portal Projectile
 12552 | D:10     | Reached skill level 5 in Invocations
 12763 | D:10     | Reached skill level 1 in Translocations
 13408 | D:10     | Reached ** piety under Yredelemnul
 13445 | D:10     | Noticed a two-headed ogre
 13451 | D:10     | Killed a two-headed ogre
 13451 | D:10     | Reached skill level 5 in Translocations
 13451 | D:10     | Reached XP level 11. HP: 107/120 MP: 17/17
 13915 | D:10     | Noticed an orc sorcerer
 13933 | D:10     | Killed an orc sorcerer
 13952 | D:10     | Reached *** piety under Yredelemnul
 13980 | D:10     | Reached skill level 1 in Armour
 13994 | D:10     | Found a staircase to the Orcish Mines.
 14262 | D:10     | Noticed Erolcha
 14266 | D:10     | Killed Erolcha
 14352 | D:10     | Noticed Urug
 14361 | D:10     | Killed Urug
 14680 | Lair:1   | Entered Level 1 of the Lair of Beasts
 14723 | Lair:1   | Found a labyrinth entrance.
 14770 | Lab      | Entered a labyrinth
 15534 | Lab      | Noticed a minotaur
 15543 | Lab      | Gained mutation: You are robust. (+10% HP) [potion of mutation]
 15543 | Lab      | Gained mutation: Your muscles are strong. (Str +2) [potion of mutation]
 15543 | Lab      | Gained mutation: You are somewhat resistant to further mutation. [potion of mutation]
 15571 | Lab      | Slain by a minotaur

Vault maps used:
D:1:      minmay_arrival_up_and_down, serial_curves, eino_curves_03,
          eino_curves_04
D:2:      first_ration, uniq_robin
D:3:      marbit_many_paths, wad_floor_pattern_untrapped,
          grunt_gozag_breadcrumbs, uniq_crazy_yiuf_cottage, uniq_ijyb,
          uniq_grinder
D:5:      grunt_temple_overflow_opulence
D:6:      minmay_temple_entry_large_hall
D:7:      serial_shops, kennysheep_mini_moat, uniq_joseph
D:8:      grunt_temple_overflow_open, basic_altar,
          minmay_misc_feat_four_crosses, hangedman_pestilent_swarm,
          nicolae_sextant
D:9:      lemuel_coloured_pillars_altar, gammafunk_temple_overflow_elements,
          lair_entry_dummy
D:10:     zombieorc1_lemuel, serial_ice, serial_ice_n, serial_ice_e,
          serial_ice_i, serial_ice_m, serial_ice_o, serial_ice_d, uniq_urug,
          uniq_erolcha
Temple:   zaba_magenta_temple
Lair:1:   lab_entry_generic, uniq_sonja, uniq_gastronok
Lab:      labyrinth_green, nicolae_lab_do_over, labyrinth_skeletal_remains,
          nicolae_lab_plus, nicolae_lab_stuck, nicolae_lab_checkerboard,
          nicolae_lab_x

Skill      XL: |  1  2  3  4  5  6  7  8  9 10 11 |
---------------+----------------------------------+-----
Hexes          | 3 5 6 |  6.0
Dodging        | 2 |  2.8
Fighting       | 2 4 10 11 | 11.0
Throwing       | 3 4 5 6 |  6.4
Spellcasting   | 2 3 4 |  4.2
Polearms       | 1 3 4 5 |  5.9
Shields        | 1 4 |  4.6
Invocations    | 5 |  5.2
Translocations | 5 6 |  6.3
Armour         | 2 |  2.1

Action                   |  1- 3 |  4- 6 |  7- 9 | 10-12 || total
-------------------------+-------+-------+-------+-------++-------
Melee: Unarmed           |    31 |       |       |       ||    31
       Dagger            |   121 |    22 |       |       ||   143
       Trident           |       |   185 |   473 |   324 ||   982
 Fire: Hunting sling     |       |       |    34 |   103 ||   137
Throw: Large rock        |    14 |    22 |    16 |    53 ||   105
       Throwing net      |       |     1 |     8 |     1 ||    10
       Tomahawk          |       |       |       |     2 ||     2
       Javelin           |       |       |       |     7 ||     7
 Cast: Slow              |       |     4 |       |       ||     4
       Confuse           |       |       |       |     2 ||     2
Invok: Animate Dead      |       |       |       |     4 ||     4
       Recall Undead Sla |       |       |       |     1 ||     1
Evoke: Wand              |       |     4 |    11 |    12 ||    27
  Use: Potion            |       |     2 |       |     9 ||    11
       Scroll            |       |       |     4 |     5 ||     9
 Stab: Sleeping          |       |       |     1 |       ||     1
       Distracted        |       |       |       |     1 ||     1
  Eat: Chunk             |     1 |    10 |    12 |     1 ||    24
       Ration            |       |       |     5 |     9 ||    14
Armor: Robe              |    47 |     6 |   155 |    90 ||   298
       Animal skin       |       |    79 |       |       ||    79
       Troll leather arm |       |       |       |    71 ||    71
       Skin              |       |       |       |    23 ||    23
Dodge: Dodged            |    84 |    88 |   215 |   245 ||   632
Block: Large shield      |       |       |    79 |       ||    79

Table legend:
 A = Spawn XP
 B = Non-spawn XP
 C = Spawn XP percentage of total XP
 D = Spawn monster count
 E = Non-spawn monster count
 F = Spawn count percentage of total count
 G = Total turns spent on level
                    A         B        C        D         E        F      G
               +---------+---------+-------+---------+---------+-------+---------
         Total |       0 |   13474 |   0.0 |       0 |     259 |   0.0 | 15571
               +---------+---------+-------+---------+---------+-------+---------
           D:1 |       0 |      61 |   0.0 |       0 |      30 |   0.0 |  1430
           D:2 |       0 |     129 |   0.0 |       0 |      26 |   0.0 |  1709
           D:3 |       0 |     702 |   0.0 |       0 |      27 |   0.0 |  2247
           D:4 |       0 |     364 |   0.0 |       0 |      17 |   0.0 |  1560
           D:5 |       0 |     468 |   0.0 |       0 |      19 |   0.0 |  1008
           D:6 |       0 |     953 |   0.0 |       0 |      15 |   0.0 |  1055
           D:7 |       0 |    1070 |   0.0 |       0 |      17 |   0.0 |  1062
           D:8 |       0 |    1501 |   0.0 |       0 |      25 |   0.0 |  1126
           D:9 |       0 |    1440 |   0.0 |       0 |      17 |   0.0 |  1217
          D:10 |       0 |    6490 |   0.0 |       0 |      64 |   0.0 |  2249
        Lair:1 |       0 |     296 |   0.0 |       0 |       2 |   0.0 |    90
               +---------+---------+-------+---------+---------+-------+---------
